TOP OF THE 1ST |
Montgomery Biscuits batting - Pitching for Corpus Christi Hooks : LHP Curt Joseph
|
Pitching: LHP Curt Joseph
|
|
Batting: RHB Khalil Walker
|
0-0: Ground out 1-3 (Groundball, 13S, EV 67.5 MPH)
|
Batting: RHB Dan Marks
|
0-0: Ball 1-0: Ground out 4-3 (Groundball, 4, EV 105.0 MPH)
|
Batting: SHB Wayne Hattan
|
0-0: Swinging Strike 0-1: Foul Ball, location: 2F 0-2: Strikes out looking
|
Top of the 1st over - 0 runs, 0 hits, 0 errors, 0 left on base; Montgomery 0 - Corpus Christi 0 |
BOTTOM OF THE 1ST |
Corpus Christi Hooks batting - Pitching for Montgomery Biscuits : RHP Tung-chi Tian
|
Pitching: RHP Tung-chi Tian
|
|
Batting: RHB Yi-lin Niu
|
0-0: Ball 1-0: Ball 2-0: Called Strike 2-1: Ball 3-1: Base on Balls
|
Batting: RHB Edgar Trejo
|
0-0: Ball Yi-lin Niu is caught stealing 2nd base 2-4 1-0: Called Strike 1-1: Foul Ball, location: 2F 1-2: Foul Ball, location: 2F 1-2: Strikes out looking
|
Batting: RHB Elijah Hunter
|
0-0: Ball 1-0: Ball 2-0: Called Strike 2-1: Ball 3-1: Foul Ball, location: 2F 3-2: Fly out, F6 (Popup, 6D, EV 52.5 MPH)
|
Bottom of the 1st over - 0 runs, 0 hits, 0 errors, 0 left on base; Montgomery 0 - Corpus Christi 0 |
TOP OF THE 2ND |
Montgomery Biscuits batting - Pitching for Corpus Christi Hooks : LHP Curt Joseph
|
Batting: RHB Jason Penfield
|
0-0: Foul Ball, location: 2F 0-1: Foul Ball, location: 2F 0-2: Strikes out swinging
|
Batting: LHB Mario Ocana
|
0-0: Called Strike 0-1: Ball 1-1: Ball 2-1: Ball 3-1: Called Strike 3-2: DOUBLE (Groundball, 3L, EV 102.5 MPH)
|
Batting: RHB Freddy Mullen
|
0-0: SINGLE (Groundball, 6D, EV 101.2 MPH) Mario Ocana to third Runner from 3rd tries for Home, throw by LF and OUT! 7-2
|
Batting: RHB Isaiah Easter
|
0-0: Foul Ball, location: 2F 0-1: Ball 1-1: Foul Ball, location: 2F 1-2: Foul Ball, location: 2F 1-2: Foul Ball, location: 2F 1-2: Strikes out swinging
|
Top of the 2nd over - 0 runs, 2 hits, 0 errors, 1 left on base; Montgomery 0 - Corpus Christi 0 |
BOTTOM OF THE 2ND |
Corpus Christi Hooks batting - Pitching for Montgomery Biscuits : RHP Tung-chi Tian
|
Batting: RHB Masaru Konno
|
0-0: Ball 1-0: Ball 2-0: Fly out, F3 (Popup, 3, EV 63.8 MPH)
|
Batting: RHB Duncan Collins
|
0-0: Swinging Strike 0-1: Ball 1-1: Ground out 1-3 (Groundball, 13S, EV 69.4 MPH)
|
Batting: RHB Bryan Peterson
|
0-0: Single, Error in OF, E8, batter to second base (Groundball, 4MD, EV 98.8 MPH)
|
Batting: RHB Alex Campos
|
0-0: Foul Ball, location: 2F 0-1: Ground out 5-3 (Groundball, 56S, EV 81.2 MPH)
|
Bottom of the 2nd over - 0 runs, 1 hit, 1 error, 1 left on base; Montgomery 0 - Corpus Christi 0 |
TOP OF THE 3RD |
Montgomery Biscuits batting - Pitching for Corpus Christi Hooks : LHP Curt Joseph
|
Batting: RHB Dave Galloway
|
0-0: Ball 1-0: Foul Ball, location: 2F 1-1: Ground out 5-3 (Groundball, 5, EV 83.1 MPH)
|
Batting: LHB Alex Genao
|
0-0: Fly out, F8 (Flyball, 8LM, EV 86.2 MPH)
|
Batting: RHB Khalil Walker
|
0-0: Ball 1-0: Foul Ball, location: 2F 1-1: Ball 2-1: Fly out, F9 (Flyball, 9LS, EV 94.4 MPH)
|
Top of the 3rd over - 0 runs, 0 hits, 0 errors, 0 left on base; Montgomery 0 - Corpus Christi 0 |
BOTTOM OF THE 3RD |
Corpus Christi Hooks batting - Pitching for Montgomery Biscuits : RHP Tung-chi Tian
|
Batting: RHB Juan Mendoza
|
0-0: Ball 1-0: Swinging Strike 1-1: Swinging Strike 1-2: Strikes out swinging
|
Batting: RHB Dave Gallegos
|
0-0: Ball 1-0: Ball 2-0: Swinging Strike 2-1: Called Strike 2-2: Ground out 4-3 (Groundball, 4, EV 88.8 MPH)
|
Batting: RHB Yi-lin Niu
|
0-0: Ball 1-0: Foul Ball, location: 2F 1-1: Foul Ball, location: 2F 1-2: Ground out 6-3 (Groundball, 6, EV 87.5 MPH)
|
Bottom of the 3rd over - 0 runs, 0 hits, 0 errors, 0 left on base; Montgomery 0 - Corpus Christi 0 |
TOP OF THE 4TH |
Montgomery Biscuits batting - Pitching for Corpus Christi Hooks : LHP Curt Joseph
|
Batting: RHB Dan Marks
|
0-0: Called Strike 0-1: Ball 1-1: Ground out 6-3 (Groundball, 6M, EV 85.0 MPH)
|
Batting: SHB Wayne Hattan
|
0-0: SINGLE (Groundball, 6D, EV 95.0 MPH)
|
Batting: RHB Jason Penfield
|
0-0: Ball 1-0: Ball 2-0: Swinging Strike 2-1: Foul Ball, location: 2F 2-2: Strikes out swinging
|
Batting: LHB Mario Ocana
|
0-0: Ball 1-0: Ball 2-0: Called Strike 2-1: Ball 3-1: Ground out U3 (Groundball, 3L, EV 88.1 MPH)
|
Top of the 4th over - 0 runs, 1 hit, 0 errors, 1 left on base; Montgomery 0 - Corpus Christi 0 |
BOTTOM OF THE 4TH |
Corpus Christi Hooks batting - Pitching for Montgomery Biscuits : RHP Tung-chi Tian
|
Batting: RHB Edgar Trejo
|
0-0: Ball 1-0: Called Strike 1-1: Foul Ball, location: 2F 1-2: Strikes out looking
|
Batting: RHB Elijah Hunter
|
0-0: Called Strike 0-1: Ball 1-1: Foul Ball, location: 2F 1-2: DOUBLE (Flyball, 89XD, EV 98.1 MPH)
|
Batting: RHB Masaru Konno
|
0-0: Ball 1-0: Foul Ball, location: 2F 1-1: SINGLE (Flyball, 89S, EV 90.6 MPH) Elijah Hunter to third
|
Batting: RHB Duncan Collins
|
0-0: Ball 1-0: Fly out, F9 (Flyball, 89D, EV 98.1 MPH) Runner from 3rd tags up, SCORES, throw by RF
|
Batting: RHB Bryan Peterson
|
0-0: Called Strike 0-1: Ball 1-1: Fly out, F7 (Flyball, 78S, EV 82.5 MPH)
|
Bottom of the 4th over - 1 run, 2 hits, 0 errors, 1 left on base; Montgomery 0 - Corpus Christi 1 |
TOP OF THE 5TH |
Montgomery Biscuits batting - Pitching for Corpus Christi Hooks : LHP Curt Joseph
|
Batting: RHB Freddy Mullen
|
0-0: Fly out, F9 (Flyball, 9S, EV 88.8 MPH)
|
Batting: RHB Isaiah Easter
|
0-0: Foul Ball, location: 2F 0-1: Foul Ball, location: 2F 0-2: Foul Ball, location: 2F 0-2: SINGLE (Groundball, 56S, EV 71.2 MPH) (infield hit)
|
Batting: RHB Dave Galloway
|
0-0: Called Strike Isaiah Easter steals 2nd, throwing error, E2 Isaiah Easter to third 0-1: Ball 1-1: Ball 2-1: Ball 3-1: Base on Balls
|
Batting: LHB Alex Genao
|
0-0: Ball 1-0: Fielders Choice at 2nd, 6-4 (Groundball, 6MD, EV 99.4 MPH) Isaiah Easter scores
|
Batting: RHB Khalil Walker
|
0-0: SINGLE (Groundball, 6MD, EV 101.9 MPH) Alex Genao to second
|
Batting: RHB Dan Marks
|
0-0: Fielders Choice at 2nd, 5-4 (Groundball, 5, EV 109.4 MPH)
|
Top of the 5th over - 1 run, 2 hits, 1 error, 2 left on base; Montgomery 1 - Corpus Christi 1 |
BOTTOM OF THE 5TH |
Corpus Christi Hooks batting - Pitching for Montgomery Biscuits : RHP Tung-chi Tian
|
Batting: RHB Alex Campos
|
0-0: Called Strike 0-1: Ball 1-1: Swinging Strike 1-2: Ball 2-2: Strikes out swinging
|
Batting: RHB Juan Mendoza
|
0-0: Called Strike 0-1: Swinging Strike 0-2: Strikes out swinging
|
Batting: RHB Dave Gallegos
|
0-0: Called Strike 0-1: Ground out 6-3 (Groundball, 6, EV 88.1 MPH)
|
Bottom of the 5th over - 0 runs, 0 hits, 0 errors, 0 left on base; Montgomery 1 - Corpus Christi 1 |
TOP OF THE 6TH |
Montgomery Biscuits batting - Pitching for Corpus Christi Hooks : LHP Curt Joseph
|
Batting: SHB Wayne Hattan
|
0-0: Swinging Strike 0-1: Called Strike 0-2: Foul Ball, location: 2F 0-2: Foul Ball, location: 2F 0-2: Ball 1-2: Ball 2-2: Fly out, F7 (Flyball, 78M, EV 92.5 MPH)
|
Batting: RHB Jason Penfield
|
0-0: Ball 1-0: Swinging Strike 1-1: Fly out, F6 (Line Drive, 6, EV 65.0 MPH)
|
Batting: LHB Mario Ocana
|
0-0: Ball 1-0: Ball 2-0: Foul Ball, location: 2F 2-1: Ball 3-1: Foul Ball, location: 2F 3-2: Fly out, F8 (Line Drive, 8LM, EV 95.0 MPH)
|
Top of the 6th over - 0 runs, 0 hits, 0 errors, 0 left on base; Montgomery 1 - Corpus Christi 1 |
BOTTOM OF THE 6TH |
Corpus Christi Hooks batting - Pitching for Montgomery Biscuits : RHP Tung-chi Tian
|
Batting: RHB Yi-lin Niu
|
0-0: Ground out U3 (Groundball, 3L, EV 88.8 MPH)
|
Batting: RHB Edgar Trejo
|
0-0: Hit by Pitch
|
Batting: RHB Elijah Hunter
|
0-0: Ball 1-0: Ball 2-0: Called Strike 2-1: Foul Ball, location: 2F 2-2: Fielders Choice at 2nd, 4-6 (Groundball, 4, EV 84.4 MPH)
|
Batting: RHB Masaru Konno
|
0-0: Ball 1-0: Ball 2-0: Ball 3-0: Called Strike 3-1: Foul Ball, location: 2F 3-2: Foul Ball, location: 2F 3-2: Base on Balls Elijah Hunter to second
|
Batting: RHB Duncan Collins
|
0-0: Fielders Choice at 2nd, U6 (Groundball, 6M, EV 103.8 MPH)
|
Bottom of the 6th over - 0 runs, 0 hits, 0 errors, 2 left on base; Montgomery 1 - Corpus Christi 1 |
TOP OF THE 7TH |
Montgomery Biscuits batting - Pitching for Corpus Christi Hooks : LHP Curt Joseph
|
Batting: RHB Freddy Mullen
|
0-0: Ball 1-0: Ball 2-0: Ball 3-0: Base on Balls
|
Batting: RHB Isaiah Easter
|
0-0: Bunted foul 0-1: Ball 1-1: Bunt missed! 1-2: Ball 2-2: Fly out, F9 (Flyball, 89D, EV 88.1 MPH)
|
Batting: RHB Dave Galloway
|
0-0: Swinging Strike 0-1: Called Strike 0-2: Fly out, F8 (Line Drive, 8RD, EV 83.1 MPH)
|
Batting: LHB Alex Genao
|
0-0: Ball 1-0: Ball 2-0: Called Strike 2-1: Foul Ball, location: 2F 2-2: Foul Ball, location: 2F 2-2: Foul Ball, location: 2F 2-2: Fly out, F7 (Flyball, 78S, EV 71.2 MPH)
|
Top of the 7th over - 0 runs, 0 hits, 0 errors, 1 left on base; Montgomery 1 - Corpus Christi 1 |
BOTTOM OF THE 7TH |
Corpus Christi Hooks batting - Pitching for Montgomery Biscuits : RHP Tung-chi Tian
|
Batting: RHB Bryan Peterson
|
0-0: Called Strike 0-1: Foul Ball, location: 2F 0-2: Foul Ball, location: 2F 0-2: Foul Ball, location: 2F 0-2: Foul Ball, location: 2F 0-2: Strikes out swinging
|
Batting: RHB Alex Campos
|
0-0: Ball 1-0: Foul Ball, location: 2F 1-1: Ball 2-1: Ball 3-1: Foul Ball, location: 2F 3-2: Ground out 6-3 (Groundball, 6, EV 84.4 MPH)
|
Batting: RHB Juan Mendoza
|
0-0: Ball 1-0: Fly out, F8 (Flyball, 89M, EV 81.9 MPH)
|
Bottom of the 7th over - 0 runs, 0 hits, 0 errors, 0 left on base; Montgomery 1 - Corpus Christi 1 |
TOP OF THE 8TH |
Montgomery Biscuits batting - Pitching for Corpus Christi Hooks : LHP Curt Joseph
|
Batting: RHB Khalil Walker
|
0-0: Ball 1-0: Called Strike 1-1: Foul Ball, location: 2F 1-2: Strikes out looking
|
Pitching: LHP Glenn Lowther
|
|
Batting: RHB Dan Marks
|
0-0: Ball 1-0: SINGLE (Line Drive, 7S, EV 106.9 MPH)
|
Batting: SHB Wayne Hattan
|
0-0: 2-RUN HOME RUN (Flyball, 78XD, EV 114.4 MPH), Distance : 425 ft
|
Batting: RHB Jason Penfield
|
0-0: Ground out 5-3 (Groundball, 5, EV 81.2 MPH)
|
Batting: LHB Mario Ocana
|
0-0: Ball 1-0: Swinging Strike 1-1: Called Strike 1-2: Ball 2-2: Ground out 1-3 (Groundball, 13, EV 67.5 MPH)
|
Top of the 8th over - 2 runs, 2 hits, 0 errors, 0 left on base; Montgomery 3 - Corpus Christi 1 |
BOTTOM OF THE 8TH |
Corpus Christi Hooks batting - Pitching for Montgomery Biscuits : RHP Tung-chi Tian
|
Batting: RHB Dave Gallegos
|
0-0: Called Strike 0-1: Ball 1-1: Swinging Strike 1-2: DOUBLE (Line Drive, 89D, EV 110.0 MPH)
|
Pitching: LHP Brian Kelly
|
|
Batting: RHB Yi-lin Niu
|
0-0: Ball 1-0: Swinging Strike 1-1: SINGLE (Line Drive, 89M, EV 106.2 MPH) Dave Gallegos to third
|
Batting: RHB Edgar Trejo
|
0-0: Ball 1-0: Ball 2-0: Fielders Choice at 2nd, 1-6 (Groundball, 34S, EV 65.0 MPH)
|
Batting: RHB Elijah Hunter
|
0-0: Ball 1-0: Called Strike 1-1: Ball 2-1: SINGLE (Groundball, 3D, EV 106.2 MPH) Dave Gallegos scores Edgar Trejo to second Runner from 2nd tries for 3rd, SAFE, throw by RF made to third Elijah Hunter to second
|
Batting: RHB Masaru Konno
|
0-0: Fly out, F4 (Line Drive, 4, EV 56.9 MPH)
|
Batting: RHB Duncan Collins
|
0-0: Swinging Strike 0-1: Called Strike 0-2: Foul Ball, location: 2F 0-2: Strikes out looking
|
Bottom of the 8th over - 1 run, 3 hits, 0 errors, 2 left on base; Montgomery 3 - Corpus Christi 2 |
TOP OF THE 9TH |
Montgomery Biscuits batting - Pitching for Corpus Christi Hooks : LHP Glenn Lowther
|
Now at 1B: Jesus Malave
|
|
Batting: RHB Freddy Mullen
|
0-0: Ball 1-0: Called Strike 1-1: Ball 2-1: Swinging Strike 2-2: Foul Ball, location: 2F 2-2: Fly out, F8 (Flyball, 8RXD, EV 99.4 MPH)
|
Batting: RHB Isaiah Easter
|
0-0: Ball 1-0: Ground out 4-3 (Groundball, 4M, EV 110.6 MPH)
|
Batting: RHB Dave Galloway
|
0-0: Called Strike 0-1: Swinging Strike 0-2: Hit by Pitch
|
Batting: LHB Alex Genao
|
Pickoff Throw to First - Out! 1-3
|
Top of the 9th over - 0 runs, 0 hits, 0 errors, 0 left on base; Montgomery 3 - Corpus Christi 2 |
BOTTOM OF THE 9TH |
Corpus Christi Hooks batting - Pitching for Montgomery Biscuits : LHP Brian Kelly
|
Pitching: RHP Josh McMahan
|
|
Now at 1B: Alex Genao
|
|
Now at 2B: Khalil Walker
|
|
Now at SS: John Downing
|
|
Batting: RHB Bryan Peterson
|
0-0: Foul Ball, location: 2F 0-1: Ball 1-1: Ball 2-1: Ground out 6-3 (Groundball, 56S, EV 91.9 MPH)
|
Batting: RHB Alex Campos
|
0-0: Ball 1-0: Foul Ball, location: 2F 1-1: Called Strike 1-2: Foul Ball, location: 2F 1-2: Ball 2-2: Ball 3-2: SINGLE (Groundball, 56D, EV 100.6 MPH)
|
Batting: RHB Juan Mendoza
|
0-0: Ball 1-0: Ball 2-0: Called Strike 2-1: SINGLE (Line Drive, 6M, EV 97.5 MPH) Alex Campos to second Runner from 2nd tries for 3rd, SAFE, throw by CF made to third
|
Batting: RHB Dave Gallegos
|
0-0: Fly out, F7 (Flyball, 7LM, EV 95.6 MPH) Runner from 3rd tags up, SCORES, throw by LF
|
Batting: RHB Jesus Malave
|
0-0: Called Strike 0-1: Ball 1-1: Foul Ball, location: 2F 1-2: Ball 2-2: Fly out, F9 (Flyball, 9D, EV 102.5 MPH)
|
Bottom of the 9th over - 1 run, 2 hits, 0 errors, 1 left on base; Montgomery 3 - Corpus Christi 3 |
TOP OF THE 10TH |
Montgomery Biscuits batting - Pitching for Corpus Christi Hooks : LHP Glenn Lowther
|
Pitching: RHP Bobby Leija
|
|
Batting: LHB Alex Genao
|
0-0: Ball 1-0: Ball 2-0: Called Strike 2-1: Ball 3-1: Called Strike 3-2: Strikes out swinging, 2-3 out at first.
|
Batting: RHB Khalil Walker
|
0-0: Ground out 6-3 (Groundball, 6M, EV 108.8 MPH)
|
Batting: RHB Dan Marks
|
0-0: Foul Ball, location: 2F 0-1: Foul Ball, location: 2F 0-2: Ground out 6-3 (Groundball, 6, EV 87.5 MPH)
|
Top of the 10th over - 0 runs, 0 hits, 0 errors, 0 left on base; Montgomery 3 - Corpus Christi 3 |
BOTTOM OF THE 10TH |
Corpus Christi Hooks batting - Pitching for Montgomery Biscuits : RHP Josh McMahan
|
Batting: RHB Edgar Trejo
|
0-0: Ground out 5-3 (Groundball, 5S, EV 82.5 MPH)
|
Batting: RHB Elijah Hunter
|
0-0: Ball 1-0: Swinging Strike 1-1: Ball 2-1: Ball 3-1: Base on Balls
|
Batting: RHB Masaru Konno
|
0-0: Called Strike 0-1: SINGLE (Line Drive, 9LM, EV 98.8 MPH) Elijah Hunter to second Throwing error, E9 Elijah Hunter scores
|
Bottom of the 10th over - 1 run, 1 hit, 1 error, 1 left on base; Montgomery 3 - Corpus Christi 4 |
|